 Dungeon Crawl Stone Soup version 0.29.1-15-g9cfb28693d (webtiles) character file.

Game seed: 3431399566513618226

4489 Sharkman1231 the Spear-Bearer (level 10, -2/94 HPs)
             Began as a Naga Fighter on Apr 16, 2023.
             Was a High Priest of Okawaru.
             Slain by a troll (5 damage)
             ... on level 7 of the Dungeon.
             The game lasted 00:10:23 (9644 turns).

Sharkman1231 the Spear-Bearer (Naga Fighter)        Turns: 9644, Time: 00:10:25

Health: -2/94      AC: 16    Str: 22      XL:     10   Next: 38%
Magic:  14/14      EV:  8    Int: 10      God:    Okawaru [*****.]
Gold:   134        SH:  6    Dex: 19 (20) Spells: 4/9 levels left

rFire   . . .      SeeInvis +   a - +0 trident
rCold   . . .      Faith    .   c - +0 buckler
rNeg    . . .      Spirit   .   A - +3 scale mail
rPois   +          Reflect  .   (no helmet)
rElec   .          Harm     .   v - +1 cloak
rCorr   .          Rampage  .   (no gloves)
Will    +....                   (no barding)
Stlth   ..........              (no amulet)
HPRegen 0.25/turn               s - ring "Siosoku" {AC+4 Str-2 Int+2 Dex+4 SInv}
MPRegen 0.14/turn               g - +6 ring of strength

@: very slow
A: AC +3, large, see invisible, deformed body, poison resistance, slowness 2,
spit poison 1, naga tail 1
a: Spit Poison, Renounce Religion, Heroism, Finesse, Duel


You were on level 7 of the Dungeon.
You worshipped Okawaru.
Okawaru was extremely pleased with you.
You visited 2 branches of the dungeon, and saw 9 of its levels.

You collected 375 gold pieces.
You spent 241 gold pieces at shops.

Inventory:

Hand Weapons
 a - a +0 trident (weapon)
Armour
 b - a +0 scale mail
 c - a +0 buckler (worn)
 v - a +1 cloak (worn)
 A - a +3 scale mail (worn)
 E - +0 steam dragon scales
Jewellery
 g - a +6 ring of strength (right hand)
 p - a +6 ring of dexterity
 s - the ring "Siosoku" (left hand) {AC+4 Str-2 Int+2 Dex+4 SInv}
   (You acquired it on level 6 of the Dungeon)

   [ring of protection]

   AC:        It affects your AC (+4).
   Str:       It affects your strength (-2).
   Int:       It affects your intelligence (+2).
   Dex:       It affects your dexterity (+4).
   SInv:      It lets you see invisible.
Wands
 q - a wand of flame (17)
Scrolls
 e - a scroll of teleportation
 h - a scroll of butterflies {unknown}
 j - a scroll of immolation
 k - 2 scrolls of vulnerability
 m - 4 scrolls of noise
 t - a scroll of enchant armour
 y - a scroll of poison {unknown}
 B - a scroll of magic mapping
 C - a scroll of brand weapon {unknown}
Potions
 d - 2 potions of might
 f - 2 potions of curing
 i - 2 potions of flight
 l - a potion of attraction
 n - 2 potions of degeneration
 o - 2 potions of mutation
 w - 3 potions of berserk rage
 x - a potion of resistance
 z - a potion of cancellation


   Skills:
 + Level 7.0 Fighting
 * Level 9.0 Polearms
 + Level 3.1 Armour
 + Level 1.7 Dodging
 - Level 5.9 Shields
 + Level 6.4 Invocations
 + Level 4.4 Evocations


You had 4 spell levels left.
You knew the following spells:

 Your Spells              Type           Power      Damage    Failure   Level
a - Silence               Hex/Air        0%         N/A       100%        5

Your spell library contained the following spells:

 Spells                   Type           Power      Damage    Failure   Level
 Necrotise                Necr           0%         1d4       75%         1
 Blink                    Tloc           0%         N/A       87%         2
 Conjure Flame            Conj/Fire      0%         6-21      98%         3
 Dazzling Flash           Conj/Hex       0%         N/A       98%         3
 Ignite Poison            Fire/Tmut/Pois 0%         N/A       98%         3
 Lesser Beckoning         Tloc           0%         N/A       98%         3
 Vampiric Draining        Necr           0%         2d6       98%         3
 Sticky Flame             Conj/Fire      0%         2d3       100%        4
 Agony                    Necr           0%         N/A       100%        5
 Manifold Assault         Tloc           0%         N/A       100%        5


Dungeon Overview and Level Annotations

Branches:
Dungeon (8/15)             Temple (1/1) D:5
   Lair: D:8-11

Altars:
Ashenzari
Cheibriados
Hepliaklqana
Makhleb
Okawaru
Qazlal
Sif Muna
Trog

Shops:
D:6 ?   D:8 [

Annotations:
D:4 Menkaure
D:6 Dowan, Duvessa


Innate Abilities, Weirdness & Mutations

Your serpentine skin is tough. (AC +3)
You have supernaturally acute eyesight. (SInv)
Armour fits poorly on your strangely shaped body.
Your system is resistant to poisons. (rPois)
You cover ground very slowly.
You can spit poison.
You have a snake-like lower body.


Message History

The bolt of acid misses the troll.
The troll bites you!
* * * LOW HITPOINT WARNING * * *
The troll claws you.
* * * LOW HITPOINT WARNING * * *
The troll claws you.
* * * LOW HITPOINT WARNING * * *
The wolf bites you but does no damage.
Unknown command.
As you read the scroll of fear, it crumbles to dust.
You assume a fearsome visage.
The troll looks frightened!
The wolf looks frightened!
Cornered, the wolf turns to fight!
Aiming: Corrosive Bolt
Press: ? - help, Shift-Dir - straight line, f - wolf
Aim: a wolf (57% to hit)
The bolt of acid misses the wolf.
Cornered, the troll turns to fight!
Aiming: Corrosive Bolt
Press: ? - help, Shift-Dir - straight line, f/p - wolf
Aim: a wolf (57% to hit)
The bolt of acid misses the wolf.
The now-empty wand crumbles to dust.
The wolf bites you.
* * * LOW HITPOINT WARNING * * *
Unknown command.
Okay, then.
Okay, then.
You feel better. The wolf barely misses you. You block the wolf's attack.
As you read the scroll labelled JUSAIT FIHA, it crumbles to dust.
A profound silence engulfs you.
It was a scroll of silence.
The wolf bites you.
* * * LOW HITPOINT WARNING * * *
You feel better. The wolf bites you but does no damage. The wolf bites you!
* * * LOW HITPOINT WARNING * * *
The troll barely misses you.
The troll claws you but does no damage. x2
Unknown command.
It was a potion of cancellation.
Your magical effects are unravelling.
You feel magically purged.
Your hearing returns.
You block the wolf's attack. The troll bites you but does no damage.
The troll claws you.
You die...

......#### #.# #.##
.....## #)#
#..####### ..##.##
#.# #........#
.###..## ###.####
#........# .# ##..#
#......# #........#
.# ##.# #[.....#
#........# .# #.##
#......# #...))...#
## #..# ##...Th.#
#........#
#######.###.....@.#
#........#
##))).............#
#........#
#..####.####......#
#....>...# ..## #.#
#......###........#
### #.##
#.####.(...>.#.####
#..# #.#
######..#.# ##.#
#.# #####...##.#
#.# #.#
#.....####.# ######
#.# #.###.##### #.#


You could see a troll and a wolf.

Vanquished Creatures
  Pikel (D:6)
  Grinder (D:3)
  Sigmund (D:5)
  A vampire (D:6)
  Eustachio (D:6)
  A steam dragon (D:7)
  4 vampire mosquitoes (D:7)
  4 water moccasins
  A sky beast (D:6)
  3 wolves
  A black bear (D:6)
  An ogre (D:4)
  2 lemures (D:6)
  2 phantoms
  2 kobold brigands
  2 bullfrogs
  2 necrophages
  2 scorpions
  5 killer bees
  5 jellies
  7 hounds
  Crazy Yiuf (D:3)
  2 gnoll boudas (D:7)
  Jessica (D:3)
  2 orc wizards
  3 iguanas
  11 gnolls
  5 adders
  2 white imps
  4 ufetubi
  2 worms (D:3)
  A dart slug (D:4)
  17 orcs
  8 bats
  6 endoplasms
  A giant cockroach (D:2)
  6 hobgoblins
  11 kobolds
  7 quokkas
  7 ball pythons
  3 frilled lizards
  9 goblins
  4 rats
  A butterfly (D:5)
163 creatures vanquished.

Vanquished Creatures (others)
  A kobold (D:8)
  5 plants (D:7)
6 creatures vanquished.

Grand Total: 169 creatures vanquished

Notes
Turn   | Place    | Note
-------+----------+-------------------------------------------
     0 | D:1      | Sharkman1231 the Naga Fighter began the quest for the Orb.
     0 | D:1      | Reached XP level 1. HP: 21/21 MP: 1/1
   531 | D:1      | Reached XP level 2. HP: 27/28 MP: 2/2
   711 | D:1      | Found a faded altar of an unknown god.
   717 | D:1      | Prayed at the altar of an unknown god.
   717 | D:1      | Became a worshipper of Warmaster Okawaru
   717 | D:1      | Reached * piety under Okawaru
  1362 | D:2      | Reached XP level 3. HP: 34/34 MP: 3/3
  2016 | D:3      | Reached skill level 3 in Polearms
  2105 | D:3      | Noticed Jessica
  2110 | D:3      | Killed Jessica
  2111 | D:3      | Reached skill level 1 in Invocations
  2111 | D:3      | Reached XP level 4. HP: 38/42 MP: 4/4
  2162 | D:3      | Noticed Grinder
  2209 | D:3      | Killed Grinder
  2209 | D:3      | Reached ** piety under Okawaru
  2210 | D:3      | Reached skill level 4 in Polearms
  2210 | D:3      | Reached XP level 5. HP: 34/50 MP: 2/6
  2210 | D:3      | Reached XP level 6. HP: 39/57 MP: 2/7
  2889 | D:3      | Found a runed translucent door.
  2890 | D:3      | Noticed Crazy Yiuf
  3010 | D:3      | Killed Crazy Yiuf
  3179 | D:3      | Reached XP level 7. HP: 29/66 MP: 7/9
  3452 | D:4      | Reached skill level 5 in Polearms
  3631 | D:4      | Reached *** piety under Okawaru
  3927 | D:4      | Found a bloodstained altar of Trog.
  3989 | D:4      | Found a hazy altar of Hepliaklqana.
  3996 | D:4      | Found a burning altar of Makhleb.
  4054 | D:4      | Noticed Menkaure
  4072 | D:3      | Reached skill level 5 in Fighting
  4072 | D:3      | Reached XP level 8. HP: 74/74 MP: 10/10
  4255 | D:5      | Entered Level 5 of the Dungeon
  4386 | D:5      | Reached skill level 6 in Polearms
  4446 | D:5      | Found a shimmering blue altar of Sif Muna.
  4559 | D:5      | Reached skill level 1 in Evocations
  5025 | D:5      | Noticed Sigmund
  5037 | D:5      | Killed Sigmund
  5231 | D:5      | Reached skill level 5 in Shields
  5488 | D:5      | Found a staircase to the Ecumenical Temple.
  5679 | D:5      | Reached skill level 7 in Polearms
  6000 | D:6      | Noticed Dowan
  6000 | D:6      | Noticed Duvessa
  6015 | D:6      | Reached XP level 9. HP: 74/82 MP: 12/12
  6035 | D:6      | Reached skill level 5 in Invocations
  6240 | D:6      | Noticed Pikel
  6364 | D:6      | Found a broken altar of Ashenzari.
  6387 | D:6      | Identified a scroll of acquirement
  6397 | D:6      | Noticed Eustachio
  6398 | D:6      | Acquired the ring "Siosoku" {AC+4 Str-2 Int+2 Dex+4 SInv}
  6439 | D:6      | Killed Eustachio
  6439 | D:6      | Reached **** piety under Okawaru
  6733 | Temple   | Entered the Ecumenical Temple
  6939 | D:6      | Killed Pikel
  7292 | D:6      | Found Tappaq's Magic Scroll Emporium.
  7324 | D:6      | Reached skill level 8 in Polearms
  7375 | D:6      | Reached ***** piety under Okawaru
  7423 | D:6      | Bought a scroll of enchant armour for 82 gold pieces
  7423 | D:6      | Bought a scroll of fear for 44 gold pieces
  7423 | D:6      | Bought a scroll of noise for 11 gold pieces
  7423 | D:6      | Bought a scroll of magic mapping for 82 gold pieces
  7423 | D:6      | Bought a scroll of identify for 22 gold pieces
  8074 | D:7      | Found a snail-covered altar of Cheibriados.
  8261 | D:7      | Reached XP level 10. HP: 54/92 MP: 14/14
  8757 | D:7      | Reached skill level 1 in Dodging
  8910 | D:7      | Found a stormy altar of Qazlal.
  9023 | D:7      | Learned a level 5 spell: Silence
  9071 | D:8      | Found Legit's Antique Armour Boutique.
  9447 | D:7      | Reached skill level 9 in Polearms
  9636 | D:7      | HP: 3/94 [troll (3)]
  9640 | D:7      | HP: 1/94 [wolf (3)]
  9644 | D:7      | Slain by a troll

Illustrated notes

Levels and vault maps discovered:
D:1:      dpeg_arrival_rhombi, layout_loops_corners,
          nicolae_ecumenical_lake_church
D:2:      layout_loops_ring
D:3:      wander_river, layout_rooms, uniq_grinder, uniq_crazy_yiuf_cottage,
          uniq_jessica
D:4:      layout_basic, tgw_xom, jmf_multi_god_temple,
          mainiacjoe_overflow_alcove_2, uniq_menkaure
D:5:      layout_loops_ring, mainiacjoe_overflow_surrounded_room,
          minmay_temple_entry_butterflies, kennysheep_potato, uniq_sigmund
D:6:      layout_cave_pods, ashenzari_conservatory_becter,
          kennysheep_small_circle, uniq_pikel, uniq_eustachio, uniq_duvessa
D:7:      layout_rooms, lemuel_doored_altar, marbit_many_paths,
          nicolae_grassy_gnolls
D:8:      layout_loops_ring, kennysheep_mini,
          chequers_temple_overflow_statue_of_worship, tso_oasis_becter,
          erik_lair_island, serial_shops, nicolae_shop_advertising_works
          [nicolae_subvault_shop_adworks], nicolae_shop_trees, shop,
          nicolae_stop_n_shop_2, nicolae_shop_crystal, minmay_misc_feat_cross
Temple:   hellmonk_temple_beads

Skill      XL: |  1  2  3  4  5  6  7  8  9 10 |
---------------+-------------------------------+-----
Shields        | 3 4 5 |  5.9
Polearms       | 3 4 5 7 8 9 |  9.0
Invocations    | 1 2 3 4 6 |  6.4
Fighting       | 4 5 6 7 |  7.0
Evocations     | 2 3 4 |  4.4
Dodging        | 1 |  1.7
Armour         | 3 |  3.1

Action                   |  1- 3 |  4- 6 |  7- 9 | 10-12 || total
-------------------------+-------+-------+-------+-------++-------
Melee: Trident           |   113 |    85 |   458 |   187 ||   843
Invok: Heroism           |       |     2 |     3 |     1 ||     6
 Abil: Spit Poison       |     2 |     3 |    14 |     3 ||    22
Evoke: Wand              |       |       |     5 |     5 ||    10
  Use: Scroll            |     4 |     2 |     6 |     3 ||    15
       Potion            |       |     2 |     6 |     3 ||    11
Armor: Scale mail        |    53 |    34 |   230 |   143 ||   460
       Skin              |       |       |     3 |       ||     3
Dodge: Dodged            |    31 |    38 |   142 |    83 ||   294
Block: Buckler           |    15 |    29 |   132 |    66 ||   242
